 Dungeon Crawl Stone Soup version 0.28.0-53-g5a82cb258f (webtiles) character file.

Game seed: 16491374260118034900

5792 sanboga the Grappler (level 10, -9/102 HPs)
             Began as a Troll Berserker on Aug 2, 2022.
             Was an Elder of Trog.
             Mangled by a tentacled starspawn (17 damage)
             ... on level 1 of the Abyss.
             The game lasted 00:10:40 (6163 turns).

sanboga the Grappler (Troll Berserker)              Turns: 6163, Time: 00:10:41

Health: -9/102     AC:  6    Str: 31    XL:     10   Next: 50%
Magic:  9/9        EV:  8    Int:  3    God:    Trog [****..]
Gold:   445        SH:  0    Dex:  9    Spells: 9/9 levels left

rFire   . . .      SeeInvis .     - Unarmed
rCold   . . .      Faith    .   (no shield)
rNeg    . . .      Spirit   .   a - +0 animal skin
rPois   .          Reflect  .   (helmet restricted)
rElec   .          Harm     .   m - +1 cloak
rCorr   .          Rampage  .   (gloves unavailable)
Will    .....                   (boots unavailable)
Stlth   +.........              (no amulet)
HPRegen 1.07/turn               (no ring)
MPRegen 0.11/turn               (no ring)

@: brilliant, on berserk cooldown, slowed, constricted, very slow
A: large, unfitting armour, claws 3, regeneration 1, shaggy fur 1, tough skin 1
a: Renounce Religion, Berserk, Trog's Hand, Brothers in Arms


You were on level 1 of the Abyss.
You worshipped Trog.
Trog was greatly pleased with you.
You visited 1 branch of the dungeon, and saw 9 of its levels.
You visited the Abyss 1 time.
You also visited: Bailey.

You collected 585 gold pieces.
You spent 140 gold pieces at shops.

Inventory:

Armour
 a - a +0 animal skin (worn)
 m - a +1 cloak (worn)
Jewellery
 e - a ring of ice
 j - a ring of ice
 w - a ring of flight
Wands
 h - a wand of polymorph (8)
 p - a wand of flame (20)
 q - a wand of iceblast (8)
 v - a wand of acid (11)
Scrolls
 b - a scroll of acquirement
 c - 4 scrolls of teleportation
 o - 2 scrolls of enchant weapon
 t - a scroll of fear
Potions
 d - 2 potions of ambrosia
 g - 2 potions of brilliance
 i - 4 potions of curing {unknown}
 k - 2 potions of heal wounds
 l - a potion of haste
 n - a potion of resistance
 u - a potion of flight {unknown}


   Skills:
 + Level 7.1 Fighting
 + Level 7.1 Dodging
 * Level 11.6 Unarmed Combat


You had 9 spell levels left.
You didn't know any spells.
Your spell library was empty.

Dungeon Overview and Level Annotations

Branches:
Dungeon (9/15)             Temple (0/1) D:7            Lair (0/6) D:9
 Bailey (visited)
    Orc: D:9-12

Altars:
Nemelex Xobeh
Ru
Xom
The Shining One

Shops:
D:5 **


Innate Abilities, Weirdness & Mutations

You are too large for most types of armour.
You have claws for hands.
Your natural rate of healing is unusually fast.
You are covered in fur. (AC +1)
You have tough skin. (AC +1)


Message History

A tentacle flies out from the starspawn's body!
A starspawn tentacle comes into view.
You're still recovering from your berserk rage.
It was a potion of brilliance.
You feel clever all of a sudden.
Tentacles burst from the starspawn's body! 2 starspawn tentacles come into view.
You claw the tentacled starspawn!
The tentacled starspawn is lightly damaged.
The starspawn tentacle barely misses you.
The tentacled starspawn bites you!!
The tentacled starspawn barely misses you.
You claw the tentacled starspawn!
The tentacled starspawn is moderately damaged.
The starspawn tentacle grabs you. The starspawn tentacle constricts you.
The tentacled starspawn bites you!!
The tentacled starspawn barely misses you.
You claw the tentacled starspawn!
The starspawn tentacle loses its grip on you.
The tentacled starspawn is moderately damaged.
The starspawn tentacle grabs you. The starspawn tentacle constricts you.
The tentacled starspawn bites you!
The tentacled starspawn tentacle-slaps you!
* * * LOW HITPOINT WARNING * * *
You claw the tentacled starspawn!
The starspawn tentacle loses its grip on you.
The tentacled starspawn is heavily damaged.
The starspawn tentacle grabs you. The starspawn tentacle constricts you.
* * * LOW HITPOINT WARNING * * *
The tentacled starspawn bites you.
* * * LOW HITPOINT WARNING * * *
The tentacled starspawn tentacle-slaps you!!
* * * LOW HITPOINT WARNING * * *
You can't see any enemies this would affect, really read the scroll of fear?
Okay, then.
As you read the scroll labelled ZIDOINWAGO, it crumbles to dust.
The scroll dissolves into smoke.
It was a scroll of fog.
The tentacled starspawn misses you.
The tentacled starspawn tentacle-slaps you!
You die...

#....#. .##. .≈. ..
......#..... #... . ≈ ##
.#....#. ..#.#. .. ≈ ....
. ..#.. .....#... .≈≈.#.
##...# #...#..#.. . . #
..... ###...... .
≈..####.#####§##§..##....
≈. ≈.#..8. .
.##ww#........
≈≈≈∩.....#..#.#@X§##..#...
≈≈.#..8#....§§§### #..w ≈
≈.####.#.###§## X.. ≈≈.#
#. #..## .≈...# . .#..# .
.≈≈ ..'.....# . ≈.≈...#..
.# . ≈ # . .# . ...# ≈ #..
...


You could see a tentacled starspawn and 2 starspawn tentacles.

Vanquished Creatures
  3 orc knights (Bailey)
  An orc sorcerer (Bailey)
  A troll (D:7)
  Sigmund (D:3)
  3 wyverns
  5 water moccasins
  An ice beast (D:7)
  A hornet zombie (D:8)
  3 orc warriors
  A necrophage (D:5)
  4 sky beasts
  A kobold brigand (D:5)
  A phantom (D:6)
  A wyvern zombie (D:7)
  A bullfrog (D:8)
  2 gnoll sergeants
  5 scorpions
  3 electric eels (Bailey)
  A howler monkey (D:6)
  2 bullfrog zombies (D:6)
  A centaur zombie (D:6)
  3 hounds
  3 jellies
  Crazy Yiuf (D:2)
  2 bullfrog skeletons
  Ijyb (D:3)
  Jessica (D:3)
  3 iguanas
  7 orc wizards
  A hound skeleton (D:4)
  A howler monkey zombie (D:8)
  15 gnolls
  A howler monkey skeleton (D:5)
  4 adders
  A shadow imp (D:5)
  A white imp (D:7)
  2 worms
  2 dart slugs
  23 orcs
  6 endoplasms
  2 giant cockroaches
  19 goblins
  10 hobgoblins
  2 jackals (D:3)
  A quokka (D:1)
  6 ball pythons
  3 bats (D:1)
  4 frilled lizards
  8 kobolds
  8 rats
183 creatures vanquished.

Vanquished Creatures (others)
  2 starspawn tentacles (Abyss:1)
2 creatures vanquished.

Grand Total: 185 creatures vanquished

Notes
Turn   | Place    | Note
-------+----------+-------------------------------------------
     0 | D:1      | sanboga the Troll Berserker began the quest for the Orb.
     0 | D:1      | Reached XP level 1. HP: 22/22 MP: 0/0
   208 | D:1      | Reached XP level 2. HP: 29/29 MP: 1/1
   683 | D:2      | Reached XP level 3. HP: 28/36 MP: 2/2
   865 | D:2      | Found a glowing golden altar of the Shining One.
   884 | D:2      | Reached ** piety under Trog
  1031 | D:2      | Found a runed translucent door.
  1032 | D:2      | Noticed Crazy Yiuf
  1267 | D:2      | Killed Crazy Yiuf
  1268 | D:2      | Reached skill level 4 in Unarmed Combat
  1268 | D:2      | Reached XP level 4. HP: 44/44 MP: 3/3
  1349 | D:3      | Noticed Jessica
  1357 | D:3      | Killed Jessica
  1420 | D:3      | Noticed Sigmund
  1601 | D:3      | Killed Sigmund
  1602 | D:3      | Reached skill level 5 in Unarmed Combat
  1602 | D:3      | Reached XP level 5. HP: 53/53 MP: 4/4
  1602 | D:3      | Reached XP level 6. HP: 61/61 MP: 5/5
  1730 | D:3      | Found a faded altar of an unknown god.
  1781 | D:3      | Noticed Ijyb
  1792 | D:3      | Killed Ijyb
  2010 | D:4      | Noticed a water moccasin
  2062 | D:4      | Reached skill level 6 in Unarmed Combat
  2062 | D:4      | Reached XP level 7. HP: 64/68 MP: 6/6
  2633 | D:5      | Entered Level 5 of the Dungeon
  2634 | D:5      | Found Esoba's Overcharged Wands.
  2649 | D:5      | Reached skill level 7 in Unarmed Combat
  2682 | D:5      | Reached *** piety under Trog
  2751 | D:5      | Reached XP level 8. HP: 69/78 MP: 7/7
  2848 | D:5      | Reached skill level 8 in Unarmed Combat
  2993 | D:5      | Reached skill level 5 in Fighting
  3044 | D:5      | Found a sparkling altar of Nemelex Xobeh.
  3104 | D:5      | Found Kuapiaje's General Store.
  3112 | D:5      | Bought 2 potions of heal wounds for 140 gold pieces
  3121 | D:5      | Reached skill level 5 in Dodging
  3718 | D:6      | Reached skill level 9 in Unarmed Combat
  3718 | D:6      | Reached XP level 9. HP: 75/88 MP: 8/8
  4406 | D:7      | Reached **** piety under Trog
  4471 | D:7      | Reached skill level 10 in Unarmed Combat
  4625 | D:7      | Found a staircase to the Ecumenical Temple.
  4634 | D:7      | Noticed a troll
  4641 | D:7      | Killed a troll
  5445 | D:8      | Found a sacrificial altar of Ru.
  5445 | D:8      | Found a shimmering altar of Xom.
  5561 | D:9      | Reached XP level 10. HP: 97/100 MP: 9/9
  5576 | D:9      | Found a flagged portal.
  5611 | Bailey   | Entered a bailey
  5716 | Bailey   | Noticed an orc knight
  5733 | Bailey   | Killed an orc knight
  5734 | Bailey   | Reached skill level 11 in Unarmed Combat
  5774 | Bailey   | Noticed an orc knight
  5778 | Bailey   | Killed an orc knight
  5952 | Bailey   | Noticed an orc knight
  5962 | Bailey   | Killed an orc knight
  6121 | Bailey   | Noticed an orc sorcerer
  6133 | Bailey   | Killed an orc sorcerer
  6135 | Bailey   | Cast into level 1 of the Abyss (kobold demonologist)
  6135 | Abyss:1  | Found a corrupted altar of Lugonu.
  6153 | Abyss:1  | Noticed a tentacled starspawn
  6163 | Abyss:1  | Mangled by a tentacled starspawn

Illustrated notes

Levels and vault maps discovered:
D:1:      dpeg_arrival_simpleton_c, layout_loops_cross, minmay_tiny_reverse_x
D:2:      layout_loops_cross, basic_altar, uniq_crazy_yiuf_cottage
D:3:      layout_rooms, shapermc_ecumenical_altar_mp_highgroup, uniq_jessica,
          uniq_ijyb, uniq_sigmund
D:4:      layout_basic
D:5:      layout_gridville, nemelex_spade_bored_becter, serial_shops,
          nicolae_square_shop, nicolae_shop_overcharged_wands
D:6:      layout_rooms, serial_rivers, chequers_serial_rivers_room_a,
          chequers_serial_rivers_micro_c, chequers_serial_rivers_micro_b,
          chequers_serial_rivers_micro_d
D:7:      layout_loops_ring, minmay_temple_entry_tees, minmay_bent
D:8:      layout_cave_pools, gammafunk_temple_overflow_elements, minivault_22,
          minivault_26, chequers_serial_rivers_small_3
D:9:      lemuel_flame_loot_2, layout_loops_ring, dpeg_lair_monsters,
          enter_bailey_3, chequers_jeans, minivault_13
Abyss:1:  base:
D:8
Bailey:   bailey_axe_of_yendor_kennysheep, bailey

Skill      XL: |  1  2  3  4  5  6  7  8  9 10 |
---------------+-------------------------------+-----
Unarmed Combat | 4 5 6 7 9 10 11 | 11.6
Fighting       | 3 4 5 6 7 |  7.1
Dodging        | 3 4 5 6 7 |  7.1

Action                   |  1- 3 |  4- 6 |  7- 9 | 10-12 || total
-------------------------+-------+-------+-------+-------++-------
Melee: Unarmed           |    57 |    83 |   291 |   104 ||   535
       Punch             |     1 |     1 |    13 |     4 ||    19
Invok: Berserk           |     1 |       |     5 |     4 ||    10
Evoke: Wand              |       |     3 |       |       ||     3
  Use: Scroll            |     1 |     6 |     7 |     1 ||    15
       Potion            |       |       |       |     1 ||     1
Armor: Animal skin       |    18 |    24 |    97 |    12 ||   151
       Skin              |       |     1 |       |       ||     1
Dodge: Dodged            |    27 |    47 |   115 |    33 ||   222
